rahl, chaotic female elven Wizard -------- |.....(| |.......################# ---------- |......| ---------# |........| |[......#######|.......|# |........+ --.----- #|>......|# |<.......| # ###|.......|##########.........| # # #|.......| |........| # ### #|.`...... ----.----- # # #|.......| #### ### # #----.---- # # # # ## ### ------|--------- ---.-----# # ### # -..............| |.......|# ################# #|...`....@.....| |.......|# ### -----%----.- #.......f.......| |..{...(.# |...........#############---------------- --------- ...........| # |........... ------------ rahl the Evoker Experience level: 2 Strength: 8 Dexterity: 18 Constitution: 12 Intelligence: 17 Wisdom: 10 Charisma: 9 Health: 0(13) Energy: 18(18) Def: 1 Gold: 384 Moves: 927 Dungeon seed: r4QD6bfzTgLnGNMu Game ID: rahl_1580526981 Your Inventory: Coins $ - 384 gold pieces Weapons a - a blessed +1 quarterstaff (weapon in hands) k - 13 cursed +0 darts (in quiver) C - 9 uncursed +0 darts Armor e - an uncursed +0 cloak of magic resistance (being worn) q - an uncursed +0 leather armor Comestibles r - an uncursed egg Scrolls j - a cursed scroll of teleportation Spellbooks d - a blessed spellbook of magic missile f - a blessed spellbook of cause fear g - a blessed spellbook of create familiar Potions t - an uncursed potion of levitation v - a blessed potion of monster detection x - an uncursed potion of gain energy B - an uncursed potion of booze Rings l - an uncursed ring of shock immunity s - an uncursed ring of shock immunity Wands b - an uncursed wand of striking (0:4) y - an uncursed wand of wishing (0:1) A - an uncursed wand of magic missile (0:6) Tools h - an uncursed blindfold u - 5 uncursed tallow candles (0:200) Spells and supernatural/magical abilities: Name Level Category Cost Memory a - force bolt 1 attack 5pw 99% z - sleep 1 enchantment 5pw 100% W - pray for help -- divine ? -- Your skills at the end: Fighting Skills wands [Basic] Weapon Skills quarterstaff [Basic] Spellcasting Skills attack spells [Basic] enchantment spells [Basic] Final Attributes: You were piously aligned. You were immune to sleep. You were magic resistant. You saw invisible. You had infravision. Anhur was noncommittal. You are dead. Vanquished creatures: an acid blob a large kobold 2 geckos a kobold 2 sewer rats 2 grid bugs 5 lichens 2 newts 16 creatures vanquished. Voluntary challenges: You were an atheist. You used a wielded weapon 13 times, starting on turn 202. You read items or engraved 3 times, starting on turn 2. You never genocided any monsters. You never polymorphed an object. You never changed form. You used no wishes. You never split a pudding. You never wrote Elbereth's name. You never violated your personal moral code. Dungeon overview: The Dungeons of Doom: levels 1 to 3 Level 1 some fountains a long staircase Level 2 a general store Level 3 <- You were here a fountain History has recorded: On T:1 you entered the Dungeons of Doom to retrieve the Amulet of Yendor! On T:286 you reached level 2 of The Dungeons of Doom. On T:605 you reached level 3 of The Dungeons of Doom. On T:842 you advanced to experience level 2. Score breakdown: Gold: 384 ( 8794 points) Experience: 2 levels ( 5570 points) Exploration: 3 levels ( 5.66%) ( 5883 points) Discoveries: 2 items ( 0.69%) ( 2500 points) Valuables value: (no points given unless you survive) Artifact value: 0 ( 0 points) Variety of kills: 8 monsters ( 2.11%) ( 4352 points) Turncount: 927 turns ( 0 points) Survival: died (score multiplied by 80%) Total score: 21679 Latest messages: There is nothing here to pick up. You stop running. The large kobold wields an elven spear! You kill the large kobold! There is a doorway here. There are a few objects here. C - 9 darts. $ - 96 gold pieces. There is nothing here to pick up. You miss the lichen. You hit the lichen. You miss the lichen. The kitten bites the lichen. The lichen touches the kitten. You kill the lichen! You hear some noises nearby. (2x) You displace your kitten. You kill the gecko! $ - 76 gold pieces. There is nothing here to pick up. You stop running. Click! You trigger a rolling boulder trap! You are hit by a boulder. You die... Final status: Goodbye rahl the Wizard, killed by a boulder... You died in The Dungeons of Doom on dungeon level 3 with 21679 points, and 384 pieces of gold, after 927 moves. You were level 2 with a maximum of 13 hit points when you died.